 Dungeon Crawl Stone Soup version 0.18-a0-1764-gf4ddf0b (webtiles) character file.

38 Ijustatesigmund the Chucker (level 3, -3/39 HPs)
             Began as an Ogre Hunter on Apr 13, 2016.
             Slain by a hobgoblin
             ... wielding a +0 club
              (4 damage)
             ... on level 1 of the Dungeon.
             The game lasted 00:03:57 (1796 turns).

Ijustatesigmund the Chucker (Ogre Hunter)           Turns: 1796, Time: 00:03:58

Health: -3/39      AC:  3    Str: 17    XL:     3   Next: 43%
Magic:  3/3        EV: 10    Int: 10    God:
Gold:   28         SH:  0    Dex: 11    Spells: 0 memorised, 2 levels left

rFire  . . .     SeeInvis .     e - +0 club
rCold  . . .     Gourm    .     b - +0 robe
rNeg   . . .     Faith    .     (no shield)
rPois  .         Spirit   .     (helmet restricted)
rElec  .         Dismiss  .     (no cloak)
rCorr  .         Reflect  .     (gloves unavailable)
SustAt .         Harm     .     (boots unavailable)
MR     .....                    (no amulet)
Stlth  +.........               (no ring)
                                (no ring)

@: not resistant to hostile enchantments, very unstealthy
A: unfitting armour, tough skin 1
a: no special abilities


You were on level 1 of the Dungeon.
You were not hungry.

You visited 1 branch of the dungeon, and saw 2 of its levels.

You collected 28 gold pieces.

Inventory:

Hand Weapons
 e - a +0 club (weapon)
Armour
 b - a +0 robe (worn)
Scrolls
 a - 2 scrolls of identify
 g - a scroll of remove curse
 j - a scroll of teleportation


   Skills:
 + Level 3.8 Fighting
 + Level 2.2 Maces & Flails
 - Level 4.0 Throwing
 - Level 2.0 Dodging
 - Level 1.0 Stealth


You had 2 spell levels left.
You didn't know any spells.

Dungeon Overview and Level Annotations

Branches:
Dungeon (2/15)

Altars:


Innate Abilities, Weirdness & Mutations

You are too large for most types of armour.
You have tough skin (AC +1).


Message History

The net rips apart, and the hobgoblin comes free!
A worm comes into view.
The hobgoblin barely misses you. The hobgoblin hits you with a club.
* * * LOW HITPOINT WARNING * * *
You climb upwards.
There is a stone staircase leading down here.
You see here a stone.
The hobgoblin closely misses you.
You see here 18 stones.
You hit the hobgoblin but do no damage.
The hobgoblin is moderately wounded.
The hobgoblin closely misses you.
You hit the hobgoblin.
The hobgoblin is heavily wounded.
The hobgoblin hits you with a club.
* * * LOW HITPOINT WARNING * * *
You hit the hobgoblin but do no damage.
The hobgoblin is heavily wounded.
The hobgoblin hits you with a club.
You die...

##.....###.####.)............
#####..#..####.# ####....(......
.........###...# #####...........
.....)..###..#####.............#.
........###.#........#.........#.
######..##..#.......>#...........
#.###..............#.......#
##.....#######........#.#####
##.[...###.gg@.....###.#.#
#..###...#.######..##..#.# ##.##
###.#.(g.>.......#..##### #..#
#.#....).........[.....
#.#######.......).....#........
##.........#......)..#..........
#..........#.....(.(.####.......
#.#....................##.......
##.#........####.......(##.......


You could see 2 hobgoblins.

Vanquished Creatures
  An ooze (D:1)
  A dart slug (D:1)
  2 giant geckos (D:1)
  3 goblins (D:1)
  2 hobgoblins (D:1)
  2 jackals (D:1)
  2 ball pythons (D:1)
  3 bats (D:1)
  A giant newt (D:2)
  8 kobolds
  4 rats (D:1)
  A bush (D:1)
  A plant (D:1)
31 creatures vanquished.

Vanquished Creatures (others)
  A plant (D:1)
1 creature vanquished.

Grand Total: 32 creatures vanquished

Notes
Turn   | Place    | Note
--------------------------------------------------------------
     0 | D:1      | Ijustatesigmund the Ogre Hunter began the quest for the Orb.
     0 | D:1      | Reached XP level 1. HP: 22/22 MP: 1/1
    31 | D:1      | Reached skill level 1 in Stealth
   206 | D:1      | Reached XP level 2. HP: 22/31 MP: 2/2
   211 | D:1      | Reached skill level 1 in Maces & Flails
   599 | D:1      | Reached XP level 3. HP: 17/37 MP: 3/3
  1795 | D:1      | HP: 1/39 [hobgoblin/club (4)]
  1796 | D:1      | Slain by a hobgoblin

Vault maps used:
D:1:      zaba_arrival_water, lexackson_kobold_supper
D:2:      nicolae_gozag_seed_capital, first_bread, minivault_26,
          minmay_misc_feat_tiny, minmay_misc_feat_chi, tgw_trog, uniq_robin

Skill      XL: |  1  2  3 |
---------------+----------+-----
Stealth        | 1 |  1.0
Dodging        | 2 |  2.0
Fighting       | 3 |  3.8
Maces & Flails | 1 2 |  2.2
Throwing       | |  4.0

Action                   || total
-------------------------++-------
Melee: Short sword       ||    19
       Club              ||   492
Throw: Large rock        ||     9
       Throwing net      ||     2
  Use: Scroll            ||     4
 Stab: Held in net/web   ||     1
  Eat: Chunk             ||     2
       Bread ration      ||     1
Armor: Robe              ||    59
Dodge: Dodged            ||   129
